| TOP OF THE 1ST |
|
Lake County Captains batting - Pitching for Lexington Legends : RHP Matt Voulgaris
|
|
Pitching: RHP Matt Voulgaris
|
|
|
Batting: RHB Toki Takeuchi
|
0-0: Fly out, F7 (Flyball, 78D, EV 102.5 MPH)
|
|
Batting: LHB Yasuo Igarashi
|
0-0: Ball 1-0: Ball 2-0: Ball 3-0: Called Strike 3-1: Called Strike 3-2: Ground out U3 (Groundball, 3, EV 106.2 MPH)
|
|
Batting: SHB Charlie Diesel
|
0-0: Called Strike 0-1: Called Strike 0-2: Strikes out looking
|
| Top of the 1st over - 0 runs, 0 hits, 0 errors, 0 left on base; Lake County 0 - Lexington 0 |
| BOTTOM OF THE 1ST |
|
Lexington Legends batting - Pitching for Lake County Captains : RHP Bruce Poff
|
|
Pitching: RHP Bruce Poff
|
|
|
Batting: RHB Danny Weisse
|
0-0: Ball 1-0: Called Strike 1-1: Called Strike 1-2: Foul Ball, location: 2F 1-2: Strikes out looking
|
|
Batting: RHB Justin Bonner
|
0-0: Called Strike 0-1: Fly out, F8 (Flyball, 8RXD, EV 97.5 MPH)
|
|
Batting: LHB Danny Bailey
|
0-0: Ball 1-0: Ground out 5-3 (Groundball, 56S, EV 86.2 MPH)
|
| Bottom of the 1st over - 0 runs, 0 hits, 0 errors, 0 left on base; Lake County 0 - Lexington 0 |
| TOP OF THE 2ND |
|
Lake County Captains batting - Pitching for Lexington Legends : RHP Matt Voulgaris
|
|
Batting: LHB Tim Fuller
|
0-0: Called Strike 0-1: Ball 1-1: Foul Ball, location: 2F 1-2: Strikes out swinging
|
|
Batting: SHB Travis Burnett
|
0-0: Ball 1-0: Foul Ball, location: 2F 1-1: SINGLE (Groundball, 34S, EV 66.9 MPH) (infield hit)
|
|
Batting: RHB Danny Millsaps
|
0-0: Ball 1-0: Ball 2-0: Ball 3-0: Base on Balls Travis Burnett to second
|
|
Batting: RHB Adrian Martinelli
|
0-0: Called Strike 0-1: Foul Ball, location: 2F 0-2: Ball 1-2: Fly out, F9 (Line Drive, 9, EV 83.8 MPH) Runner from 2nd tags up, OUT at 3rd! 9-5
|
| Top of the 2nd over - 0 runs, 1 hit, 0 errors, 1 left on base; Lake County 0 - Lexington 0 |
| BOTTOM OF THE 2ND |
|
Lexington Legends batting - Pitching for Lake County Captains : RHP Bruce Poff
|
|
Batting: LHB Ho-win Zhou
|
0-0: Called Strike 0-1: Called Strike 0-2: Foul Ball, location: 2F 0-2: Foul Ball, location: 2F 0-2: Fly out, F9 (Flyball, 9LS, EV 87.5 MPH)
|
|
Batting: LHB Robby Diaz
|
0-0: Called Strike 0-1: Ball 1-1: Called Strike 1-2: Strikes out swinging
|
|
Batting: RHB Kevin Roseen
|
0-0: Foul Ball, location: 2F 0-1: Swinging Strike 0-2: Ball 1-2: Strikes out swinging
|
| Bottom of the 2nd over - 0 runs, 0 hits, 0 errors, 0 left on base; Lake County 0 - Lexington 0 |
| TOP OF THE 3RD |
|
Lake County Captains batting - Pitching for Lexington Legends : RHP Matt Voulgaris
|
|
Batting: LHB Danny Moreno
|
0-0: Ground out 4-3 (Groundball, 4, EV 107.5 MPH)
|
|
Batting: LHB Ubbe de Bruin
|
0-0: Foul Ball, location: 2F 0-1: Swinging Strike 0-2: Foul Ball, location: 2F 0-2: Ball 1-2: Foul Ball, location: 2F 1-2: Ball 2-2: Strikes out swinging
|
|
Batting: RHB Toki Takeuchi
|
0-0: Ball 1-0: Called Strike 1-1: Called Strike 1-2: Foul Ball, location: 2F 1-2: Ball 2-2: Foul Ball, location: 2F 2-2: Strikes out swinging
|
| Top of the 3rd over - 0 runs, 0 hits, 0 errors, 0 left on base; Lake County 0 - Lexington 0 |
| BOTTOM OF THE 3RD |
|
Lexington Legends batting - Pitching for Lake County Captains : RHP Bruce Poff
|
|
Batting: SHB Jared O'Connor
|
0-0: Foul Ball, location: 2F 0-1: SINGLE (Groundball, 6D, EV 98.8 MPH)
|
|
Batting: RHB Andy Urquhart
|
0-0: Called Strike 0-1: Foul Ball, location: 2F 0-2: Ball 1-2: Foul Ball, location: 2F 1-2: Foul Ball, location: 2F 1-2: Ball 2-2: Foul Ball, location: 2F 2-2: Ball Jared O'Connor steals 2nd base (no throw) 3-2: Base on Balls
|
|
Batting: RHB Alex Cid
|
0-0: Ball 1-0: Foul Ball, location: 2F 1-1: Ball 2-1: Ball 3-1: Called Strike 3-2: Strikes out swinging
|
|
Batting: RHB Danny Weisse
|
0-0: Ball Jared O'Connor steals 3rd base 1-0: Ball 2-0: Called Strike 2-1: Ball 3-1: Swinging Strike 3-2: Base on Balls Andy Urquhart to second
|
|
Batting: RHB Justin Bonner
|
0-0: Foul Ball, location: 2F 0-1: Ball 1-1: Grounds into double play, 4-6-3 (Groundball, 4, EV 86.2 MPH)
|
| Bottom of the 3rd over - 0 runs, 1 hit, 0 errors, 2 left on base; Lake County 0 - Lexington 0 |
| TOP OF THE 4TH |
|
Lake County Captains batting - Pitching for Lexington Legends : RHP Matt Voulgaris
|
|
Batting: LHB Yasuo Igarashi
|
0-0: Ball 1-0: Ball 2-0: Called Strike 2-1: Ball 3-1: Foul Ball, location: 2F 3-2: Strikes out looking
|
|
Batting: SHB Charlie Diesel
|
0-0: Called Strike 0-1: Ball 1-1: Foul Ball, location: 2F 1-2: Ground out 6-3 (Groundball, 6, EV 103.8 MPH)
|
|
Batting: LHB Tim Fuller
|
0-0: Ball 1-0: Ball 2-0: Ball 3-0: Called Strike 3-1: Foul Ball, location: 2F 3-2: Ground out 4-3 (Groundball, 34, EV 102.5 MPH)
|
| Top of the 4th over - 0 runs, 0 hits, 0 errors, 0 left on base; Lake County 0 - Lexington 0 |
| BOTTOM OF THE 4TH |
|
Lexington Legends batting - Pitching for Lake County Captains : RHP Bruce Poff
|
|
Batting: LHB Danny Bailey
|
0-0: Ball 1-0: Fly out, F8 (Flyball, 8LM, EV 91.2 MPH)
|
|
Batting: LHB Ho-win Zhou
|
0-0: Called Strike 0-1: Foul Ball, location: 2F 0-2: Fly out, F6 (Flyball, 6MD, EV 95.6 MPH)
|
|
Batting: LHB Robby Diaz
|
0-0: Ball 1-0: Called Strike 1-1: Foul Ball, location: 2F 1-2: Fly out, F8 (Line Drive, 8LM, EV 88.1 MPH)
|
| Bottom of the 4th over - 0 runs, 0 hits, 0 errors, 0 left on base; Lake County 0 - Lexington 0 |
| TOP OF THE 5TH |
|
Lake County Captains batting - Pitching for Lexington Legends : RHP Matt Voulgaris
|
|
Batting: SHB Travis Burnett
|
0-0: Called Strike 0-1: Foul Ball, location: 2F 0-2: Ball 1-2: Strikes out looking
|
|
Batting: RHB Danny Millsaps
|
0-0: Called Strike 0-1: Ground out 6-3 (Groundball, 6, EV 91.2 MPH)
|
|
Batting: RHB Adrian Martinelli
|
0-0: Called Strike 0-1: Ground out 6-3 (Groundball, 56, EV 81.2 MPH)
|
| Top of the 5th over - 0 runs, 0 hits, 0 errors, 0 left on base; Lake County 0 - Lexington 0 |
| BOTTOM OF THE 5TH |
|
Lexington Legends batting - Pitching for Lake County Captains : RHP Bruce Poff
|
|
Batting: RHB Kevin Roseen
|
0-0: Ball 1-0: Ball 2-0: Ball 3-0: Called Strike 3-1: Swinging Strike 3-2: Fly out, F6 (Line Drive, 6, EV 69.4 MPH)
|
|
Batting: SHB Jared O'Connor
|
0-0: Foul Ball, location: 2F 0-1: Foul Ball, location: 2F 0-2: Ball 1-2: Ground out 6-3 (Groundball, 6M, EV 101.2 MPH)
|
|
Batting: RHB Andy Urquhart
|
0-0: Swinging Strike 0-1: Ball 1-1: Ball 2-1: Foul Ball, location: 2F 2-2: Ball 3-2: SOLO HOME RUN (Line Drive, 78XD, EV 108.1 MPH), Distance : 420 ft
|
|
Batting: RHB Alex Cid
|
0-0: Ball 1-0: SINGLE (Groundball, 6D, EV 100.6 MPH)
|
|
Batting: RHB Danny Weisse
|
0-0: Ball 1-0: Ball 2-0: SINGLE (Groundball, 56, EV 105.6 MPH) (infield hit) Alex Cid to second
|
|
Batting: RHB Justin Bonner
|
0-0: Called Strike 0-1: Ball 1-1: Foul Ball, location: 2F 1-2: Strikes out swinging
|
| Bottom of the 5th over - 1 run, 3 hits, 0 errors, 2 left on base; Lake County 0 - Lexington 1 |
| TOP OF THE 6TH |
|
Lake County Captains batting - Pitching for Lexington Legends : RHP Matt Voulgaris
|
|
Batting: LHB Danny Moreno
|
0-0: Ball 1-0: Foul Ball, location: 2F 1-1: Ball 2-1: Swinging Strike 2-2: Strikes out swinging
|
|
Batting: LHB Ubbe de Bruin
|
0-0: Swinging Strike 0-1: Ball 1-1: Called Strike 1-2: Foul Ball, location: 2F 1-2: Foul Ball, location: 2F 1-2: Foul Ball, location: 2F 1-2: Ball 2-2: Strikes out looking
|
|
Batting: RHB Toki Takeuchi
|
0-0: Foul Ball, location: 2F 0-1: Ball 1-1: Ball 2-1: Ball 3-1: Foul Ball, location: 2F 3-2: Ground out 6-3 (Groundball, 6, EV 88.1 MPH)
|
| Top of the 6th over - 0 runs, 0 hits, 0 errors, 0 left on base; Lake County 0 - Lexington 1 |
| BOTTOM OF THE 6TH |
|
Lexington Legends batting - Pitching for Lake County Captains : RHP Bruce Poff
|
|
DELAY
|
Rain delay of 34 minutes in the 6th inning.
|
|
Pitching: RHP Tatsuhito Shiota
|
|
|
Batting: LHB Danny Bailey
|
0-0: Ball 1-0: SINGLE (Groundball, 25, EV 69.4 MPH) (infield hit)
|
|
Batting: LHB Ho-win Zhou
|
0-0: Called Strike 0-1: Called Strike 0-2: DOUBLE (Groundball, 3L, EV 102.5 MPH) Danny Bailey to third Runner from 3rd tries for Home, SAFE, throw by RF to home
|
|
Batting: LHB Robby Diaz
|
0-0: Ball 1-0: Foul Ball, location: 2F 1-1: Foul Ball, location: 2F 1-2: Ball 2-2: 2-RUN HOME RUN (Flyball, 9D, EV 98.8 MPH), Distance : 378 ft
|
|
Pitching: RHP Malachi Shelton
|
|
|
Batting: RHB Kevin Roseen
|
0-0: Ground out 4-3 (Groundball, 4, EV 85.0 MPH)
|
|
Batting: SHB Jared O'Connor
|
0-0: Called Strike 0-1: Foul Ball, location: 2F 0-2: Foul Ball, location: 2F 0-2: Ball 1-2: DOUBLE (Line Drive, 5D, EV 97.5 MPH)
|
|
Batting: RHB Andy Urquhart
|
0-0: DOUBLE (Line Drive, 8LXD, EV 106.2 MPH) Jared O'Connor scores
|
|
Batting: RHB Alex Cid
|
0-0: Called Strike Andy Urquhart steals 3rd base 0-1: Swinging Strike 0-2: Ball 1-2: Foul Ball, location: 2F 1-2: Foul Ball, location: 2F 1-2: Ball 2-2: SINGLE (Flyball, 6D, EV 88.8 MPH) Andy Urquhart scores
|
|
Batting: RHB Danny Weisse
|
0-0: Called Strike 0-1: Fielders Choice at 2nd, 4-6 (Groundball, 4MD, EV 85.0 MPH)
|
|
Batting: RHB Justin Bonner
|
0-0: Ball Danny Weisse steals 2nd base 1-0: Called Strike 1-1: Called Strike 1-2: Ground out 6-3 (Groundball, 6, EV 76.9 MPH)
|
| Bottom of the 6th over - 5 runs, 6 hits, 0 errors, 1 left on base; Lake County 0 - Lexington 6 |
| TOP OF THE 7TH |
|
Lake County Captains batting - Pitching for Lexington Legends : RHP Matt Voulgaris
|
|
Pitching: RHP Brian Straub
|
|
|
Batting: LHB Yasuo Igarashi
|
0-0: Ball 1-0: Called Strike 1-1: Called Strike 1-2: Foul Ball, location: 2F 1-2: Strikes out looking
|
|
Batting: SHB Charlie Diesel
|
0-0: Swinging Strike 0-1: Ball 1-1: Ball 2-1: Ball 3-1: Swinging Strike 3-2: Foul Ball, location: 2F 3-2: Strikes out swinging
|
|
Batting: LHB Tim Fuller
|
0-0: Called Strike 0-1: Swinging Strike 0-2: Strikes out swinging
|
| Top of the 7th over - 0 runs, 0 hits, 0 errors, 0 left on base; Lake County 0 - Lexington 6 |
| BOTTOM OF THE 7TH |
|
Lexington Legends batting - Pitching for Lake County Captains : RHP Malachi Shelton
|
|
Batting: LHB Danny Bailey
|
0-0: Foul Ball, location: 2F 0-1: Ball 1-1: SINGLE (Line Drive, 78S, EV 101.9 MPH)
|
|
Batting: LHB Ho-win Zhou
|
0-0: Called Strike 0-1: Ball Danny Bailey steals 2nd base 1-1: Foul Ball, location: 2F 1-2: Foul Ball, location: 2F 1-2: Ground out U3 (Groundball, 13, EV 90.6 MPH) Danny Bailey to third
|
|
Batting: LHB Robby Diaz
|
0-0: Called Strike 0-1: Fly out, F8 (Line Drive, 8RM, EV 110.6 MPH) Runner from 3rd tags up, SCORES, no throw by CF
|
|
Batting: RHB Kevin Roseen
|
0-0: Foul Ball, location: 2F 0-1: Ball 1-1: Ball 2-1: Ball 3-1: Foul Ball, location: 2F 3-2: Base on Balls
|
|
Pinch Hitting: RHB Matt Tittle
|
0-0: Swinging Strike 0-1: Swinging Strike 0-2: Foul Ball, location: 2F 0-2: Strikes out swinging
|
| Bottom of the 7th over - 1 run, 1 hit, 0 errors, 1 left on base; Lake County 0 - Lexington 7 |
| TOP OF THE 8TH |
|
Lake County Captains batting - Pitching for Lexington Legends : RHP Brian Straub
|
|
Now at 3B: Josh Martin
|
|
|
Batting: SHB Travis Burnett
|
0-0: DOUBLE (Line Drive, 9LM, EV 115.0 MPH)
|
|
Batting: RHB Danny Millsaps
|
0-0: Ball 1-0: Swinging Strike 1-1: Ground out 5-3 (Groundball, 5S, EV 78.8 MPH)
|
|
Batting: RHB Adrian Martinelli
|
0-0: Swinging Strike 0-1: Swinging Strike 0-2: Strikes out swinging
|
|
Batting: LHB Danny Moreno
|
0-0: Ball 1-0: Called Strike 1-1: Ball 2-1: 2-RUN HOME RUN (Flyball, 89XD, EV 111.9 MPH), Distance : 411 ft
|
|
Batting: LHB Ubbe de Bruin
|
0-0: Swinging Strike 0-1: Swinging Strike 0-2: Strikes out swinging
|
| Top of the 8th over - 2 runs, 2 hits, 0 errors, 0 left on base; Lake County 2 - Lexington 7 |
| BOTTOM OF THE 8TH |
|
Lexington Legends batting - Pitching for Lake County Captains : RHP Malachi Shelton
|
|
Pitching: RHP En-guo Tsu
|
|
|
Batting: RHB Andy Urquhart
|
0-0: Called Strike 0-1: Called Strike 0-2: Ball 1-2: Ball 2-2: Strikes out swinging
|
|
Batting: RHB Alex Cid
|
0-0: Called Strike 0-1: Fly out, F9 (Flyball, 9LD, EV 95.0 MPH)
|
|
Batting: RHB Danny Weisse
|
0-0: Ball 1-0: Ball 2-0: Ball 3-0: Called Strike 3-1: Base on Balls
|
|
Batting: RHB Justin Bonner
|
0-0: Ball 1-0: Foul Ball, location: 2F 1-1: Ball 2-1: Ball 3-1: Foul Ball, location: 2F 3-2: SINGLE (Line Drive, 8LS, EV 98.8 MPH) Danny Weisse to second Danny Weisse to third
|
|
Batting: LHB Danny Bailey
|
0-0: Called Strike 0-1: Ball 1-1: Ball 2-1: Ground out 4-3 (Groundball, 34D, EV 89.4 MPH)
|
| Bottom of the 8th over - 0 runs, 1 hit, 0 errors, 2 left on base; Lake County 2 - Lexington 7 |
| TOP OF THE 9TH |
|
Lake County Captains batting - Pitching for Lexington Legends : RHP Brian Straub
|
|
Batting: RHB Toki Takeuchi
|
0-0: Ball 1-0: Ball 2-0: Ball 3-0: Called Strike 3-1: Base on Balls
|
|
Pitching: LHP Ken Milhouse
|
|
|
Batting: LHB Yasuo Igarashi
|
0-0: Fielders Choice at 2nd, 4-6 (Groundball, 34, EV 106.2 MPH)
|
|
Batting: SHB Charlie Diesel
|
0-0: Ball 1-0: Grounds into double play, 4-6-3 (Groundball, 34, EV 81.2 MPH)
|
| Top of the 9th over - 0 runs, 0 hits, 0 errors, 0 left on base; Lake County 2 - Lexington 7 |
|